AoeStats
← 2 ^2[TxR] ^5 B3AR

Highland

506684640Analyzed
2v2 RM · 19d ago on Sep 14, 2026· 37m 44s· 4 players
Game mode
Random Map
Map size
Medium (4 player)
Population
200
Speed
Normal
Resources
Standard
Victory
Conquest
Starting age
Dark Age
Ending age
Imperial Age
RankedLock teamsTeams togetherTeam positionsShared explorationLock speedFull tech treeHidden civsTurbo modeCheats
Victory
Defeat
🇸🇪 Vietnamese · Sweden
898
+18
🇵🇪 Vikings · Peru
885
+19
🇩🇪 Bohemians · Germany
948
-19
936
-18
35 year old virgin
0:26 Loom
15:02 Feudal Age
15:55 Man-at-Arms
17:29 Forging
17:13 Double-Bit Axe
19:16 Arson
19:22 Arson
19:51 Scale Mail Armor
21:17 Wheelbarrow
25:56 Castle Age
25:00 Gold Mining
25:06 Fletching
27:03 Bow Saw
27:12 Hand Cart
37:44 Iron Casting
37:24 Chain Mail Armor
37:19 Bodkin Arrow
40:13 Imperial Age
Vane
9:51 Loom
12:05 Feudal Age
12:54 Double-Bit Axe
20:51 Castle Age
18:49 Gold Mining
20:36 Fletching
20:42 Stone Mining
20:47 Horse Collar
23:34 Heavy Plow
28:20 Scale Barding Armor
28:26 Forging
31:36 Imperial Age
29:39 Bodkin Arrow
33:33 Chemistry
32:29 Murder Holes
33:44 Gold Shaft Mining
33:20 Bow Saw
36:18 Two-Man Saw
35:22 Bracer
35:58 Iron Casting
35:26 Scale Mail Armor
36:24 Chieftains
38:48 Blast Furnace
Joachim von Ribbentropp
3:54 Loom
13:44 Feudal Age
14:28 Double-Bit Axe
16:03 Horse Collar
17:23 Town Watch
24:05 Castle Age
24:22 Fletching
24:37 Stone Mining
25:47 Pikeman
26:28 Squires
33:32 Bodkin Arrow
2 ^2[TxR] ^5 B3AR
13:13 Feudal Age
11:56 Loom
19:40 Castle Age
17:23 Horse Collar
17:34 Double-Bit Axe
23:08 Chemistry
23:25 Padded Archer Armor
37:06 Imperial Age
Connection lost

Rejoining the realm…

Still unreachable

The connection could not be restored.

Session expired

The server has moved on; the page needs a fresh start.